 Dungeon Crawl Stone Soup version 0.23.2 (webtiles) character file.

Game seed: 17132964169223221478

37 Menchi the Grasshopper (level 3, -3/29 HPs)
             Began as a Demigod Warper on Apr 3, 2019.
             Slain by a centaur (4 damage)
             ... on level 2 of the Dungeon.
             The game lasted 00:05:00 (812 turns).

Menchi the Grasshopper (Demigod Warper)              Turns: 812, Time: 00:05:01

Health: -3/29      AC:  3    Str: 16    XL:     3   Next: 7%
Magic:  8/8        EV: 12    Int: 17    God:
Gold:   25         SH:  0    Dex: 15    Spells: 4/6 levels left

rFire    . . .     SeeInvis .   a - +0 falchion
rCold    . . .     Gourm    .   (no shield)
rNeg     . . .     Faith    .   b - +0 leather armour
rPois    .         Spirit   .   (no helmet)
rElec    .         Reflect  .   (no cloak)
rCorr    .         Harm     .   (no gloves)
MR       +....                  (no boots)
Stlth    +.........             (no amulet)
HPRegen  0.09/turn              i - ring of protection from magic
MPRegen  0.11/turn              (no ring)

@: no status effects
A: high mp 1
a: no special abilities


You were on level 2 of the Dungeon.
You were not hungry.

You visited 1 branch of the dungeon, and saw 2 of its levels.

You collected 25 gold pieces.

Inventory:

Hand Weapons
 a - a +0 falchion (weapon)
Missiles
 e - 5 tomahawks of dispersal (quivered)
 n - 8 tomahawks
Armour
 b - a +0 leather armour (worn)
Jewellery
 i - a ring of protection from magic (left hand)
Scrolls
 c - a scroll of noise {unknown}
 d - a scroll of blinking
 h - a scroll of teleportation {unknown}
 j - 2 scrolls of identify {unknown}
 k - a scroll of remove curse {unknown}
 o - a scroll of magic mapping {unknown}
Potions
 g - 2 potions of resistance {unknown}
 l - a potion of berserk rage {unknown}
Comestibles
 f - a ration


   Skills:
 + Level 2.1 Fighting
 + Level 2.1 Long Blades
 - Level 0.8 Throwing
 + Level 1.4 Armour
 + Level 2.1 Dodging
 + Level 2.1 Spellcasting
 - Level 2.6 Translocations


You had 4 spell levels left.
You knew the following spells:

 Your Spells              Type           Power        Failure   Level  Hunger
a - Blink                 Tloc           N/A          12%         2    ###....

Your spell library contained the following spells:

 Spells                   Type           Power        Failure   Level  Hunger
 Shroud of Golubria       Chrm/Tloc      #.........   21%         2    ###....
 Gell's Gravitas          Tloc           ##........   24%         3    ###....
 Lesser Beckoning         Tloc           ##........   24%         3    ###....
 Teleport Other           Tloc           ##......     24%         3    ###....
 Passage of Golubria      Tloc           N/A          61%         4    #####..


Dungeon Overview and Level Annotations

Branches:
Dungeon (2/15)


Innate Abilities, Weirdness & Mutations

You have an increased reservoir of magic. (+10% MP)


Message History

The bat barely misses you.
You riposte.
You completely miss the bat. The centaur misses you.
You riposte.
You barely miss the centaur.
The centaur is severely wounded.
The adder bites you.
* * * LOW HITPOINT WARNING * * *
The bat closely misses you. The frilled lizard bites you.
* * * LOW HITPOINT WARNING * * *
The centaur misses you. The adder bites you but does no damage.
Unknown command.
You hit the centaur.
The centaur is almost dead.
The bat hits you but does no damage. The centaur closely misses you.
You riposte.
You closely miss the centaur.
The centaur is almost dead.
The adder bites you.
* * * LOW HITPOINT WARNING * * *
The frilled lizard bites you.
* * * LOW HITPOINT WARNING * * *
The centaur hits you.
You die...

#. .# #.
##. #. ..
#. .# #
#.##?###.#
...>.[..#
#c...$...
#@S......
#.l#####.
#b.# #?.#
#<.#
..)......#
.###...(.#
#.##..#
... ...#


You could see a centaur, an adder, a bat and a frilled lizard.

Vanquished Creatures
  A gnoll (D:1)
  A dart slug (D:1)
  A ball python (D:1)
  3 giant cockroaches (D:1)
  2 goblins (D:1)
  A hobgoblin (D:1)
  3 jackals (D:1)
  4 bats (D:1)
  A frilled lizard (D:1)
  4 kobolds (D:1)
  4 rats (D:1)
25 creatures vanquished.

Notes
Turn   | Place    | Note
-------+----------+-------------------------------------------
     0 | D:1      | Menchi the Demigod Warper began the quest for the Orb.
     0 | D:1      | Reached XP level 1. HP: 17/17 MP: 5/5
    32 | D:1      | Reached skill level 1 in Armour
   180 | D:1      | Reached XP level 2. HP: 24/24 MP: 7/7
   528 | D:1      | Reached XP level 3. HP: 23/29 MP: 8/8
   552 | D:1      | Learned a level 2 spell: Blink
   803 | D:2      | Noticed a centaur
   812 | D:2      | HP: 1/29 [frilled lizard (1)]
   812 | D:2      | Slain by a centaur

Skill      XL: |  1  2 |
---------------+-------+-----
Armour         | 1 |  1.4
Fighting       | 2 |  2.1
Long Blades    | 2 |  2.1
Dodging        | 2 |  2.1
Spellcasting   | 2 |  2.1
Throwing       | |  0.8
Translocations | |  2.6

Action                   || total
-------------------------++-------
Melee: Falchion          ||    68
Armor: Leather armour    ||    33
Dodge: Dodged            ||    80
       Rpst.: Falchion   ||    27
